Map: Ever Dream LE

Players

LiquidTLO (TLO)

  • Race: Zerg Zerg
  • League: Grandmaster
  • Spawn Location: 1:00

soul - Winner!

  • Race: Terran Terran
  • League: Grandmaster
  • Spawn Location: 7:00

Event: StayAtHomestory Cup #1

VOD

Have the link to the VOD?

Description

Time

  • Played on: April 10, 2020, 3:54 p.m.
  • Length: 12:35

All games in this series

Show
View Real Time Build Order
Export as new Build Order

LiquidTLO Zerg 

Build Orders: Hatch First, Muta Ling Bane 

Get SALT Encoding   

  12  0:00  Drone  
  13  0:12  Overlord  
  13  0:17  Drone  
  14  0:31  Drone x2  
  16  0:47  Hatchery  
  15  0:51  Drone  
  15  0:54  Drone  
  17  0:58  Drone  
  18  1:05  Extractor  
  17  1:14  Spawning Pool  
  17  1:16  Drone  
  17  1:20  Drone  
  18  1:29  Drone  
  19  1:39  Drone  
  20  1:49  Overlord  
  20  2:00  Queen x2  
  24  2:01  Zergling x2  
  25  2:09  Drone  
  25  2:11  Drone  
  25  2:13  Drone  
  28  2:30  Hatchery  
  28  2:34  Drone  
  28  2:36  Drone  
  28  2:38  Drone  
  28  2:40  Drone  
  30  2:45  Queen  
  32  2:51  Overlord  
  32  2:53  Drone  
  33  3:00  Roach Warren  
  33  3:04  Drone  
  33  3:06  Drone  
  33  3:08  Drone  
  33  3:11  Drone x2  
  37  3:13  Drone  
  37  3:17  Drone  
  39  3:20  Overlord  
  39  3:25  Queen  
  39  3:26  Overlord  
  41  3:37  Overlord  
  41  3:41  Roach  
  41  3:42  Roach x3  
  41  3:45  Roach  
  41  3:47  Roach  
  53  3:49  Roach  
  53  3:53  Overlord  
  53  3:55  Drone  
  56  3:57  Drone  
  56  3:58  Drone  
  56  4:00  Drone  
  59  4:05  Metabolic Boost  
  59  4:08  Drone x2  
  59  4:09  Drone  
  62  4:13  Drone  
  62  4:15  Queen  
  65  4:18  Drone  
  65  4:19  Drone  
  65  4:20  Drone  
  65  4:21  Drone  
  65  4:23  Drone  
  70  4:25  Drone  
  70  4:26  Drone  
  70  4:30  Drone  
  73  4:33  Overlord  
  73  4:34  Extractor x2  
  73  4:35  Drone  
  72  4:41  Lair  
  72  4:43  Drone  
  72  4:45  Evolution Chamber, Drone  
  72  4:46  Evolution Chamber  
  72  4:51  Drone  
  72  4:52  Drone x4  
  75  4:53  Drone  
  75  4:55  Drone  
  75  4:57  Drone  
  75  4:59  Drone  
  79  5:03  Drone  
  79  5:04  Baneling Nest  
  79  5:05  Extractor  
  79  5:06  Drone  
  79  5:08  Drone  
  79  5:09  Spore Crawler  
  79  5:10  Zergling x2, Spore Crawler  
  79  5:12  Spore Crawler  
  79  5:13  Drone  
  79  5:17  Drone  
  79  5:19  Drone  
  79  5:21  Drone  
  79  5:22  Drone  
  79  5:26  Drone  
  79  5:27  Drone x4  
  81  5:32  Drone x3  
  81  5:35  Drone  
  78  5:37  Drone  
  78  5:41  Drone  
  80  5:42  Zerg Melee Weapons Level 1  
  80  5:43  Drone  
  80  5:48  Zerg Ground Armor Level 1  
  80  5:49  Drone  
  82  5:51  Drone  
  82  5:54  Overlord  
  83  5:57  Extractor  
  83  5:59  Overlord  
  83  6:01  Centrifical Hooks  
  83  6:03  Zergling x2  
  83  6:05  Overlord  
  83  6:08  Drone x2  
  83  6:11  Drone x2  
  87  6:13  Drone  
  87  6:14  Zergling x2  
  87  6:15  Drone  
  87  6:16  Overlord  
  90  6:24  Hatchery  
  90  6:25  Drone  
  90  6:26  Overlord, Extractor  
  90  6:29  Overlord  
  90  6:31  Zergling x4  
  90  6:33  Zergling x2  
  90  6:34  Zergling x2  
  90  6:35  Zergling x2  
  90  6:37  Zergling x2  
  94  6:42  Spire  
  94  6:43  Zergling x2  
  94  6:44  Zergling x4  
  94  6:45  Zergling x2  
  98  6:47  Zergling x2  
  98  6:50  Drone  
  98  6:52  Drone  
  98  6:53  Zergling x2  
  98  6:54  Zergling x2  
  102  6:55  Baneling x8  
  102  6:57  Pneumatized Carapace  
  102  7:00  Overlord  
  102  7:01  Zergling x2  
  102  7:03  Zergling x2  
  102  7:05  Drone  
  105  7:09  Drone  
  105  7:10  Drone  
  105  7:11  Overlord  
  105  7:12  Zergling x6  
  110  7:20  Overlord  
  110  7:24  Spore Crawler  
  107  7:37  Drone  
  107  7:38  Unknown  
  107  7:39  Zergling x2  
  107  7:40  Zergling x2  
  107  7:41  Zergling x2  
  107  7:43  Zergling x2  
  110  7:45  Zerg Ground Armor Level 2, Zerg Melee Weapons Level 2  
  110  7:46  Drone  
  110  7:50  Drone  
  110  7:54  Drone x12  
  110  7:57  Zergling x2  
  122  7:58  Zergling x2  
  122  7:59  Zerg Flyer Weapons Level 1  
  122  8:04  Ravager, Mutalisk, Baneling x2  
  122  8:05  Mutalisk x5  
  136  8:10  Overlord  
  136  8:11  Overlord  
  135  8:13  Mutalisk  
  135  8:16  Overlord  
  137  8:25  Mutalisk x3  
  137  8:26  Overlord x2  
  143  8:28  Mutalisk x2  
  143  8:33  Zergling x2  
  143  8:34  Zergling x8  
  152  8:36  Zergling x2  
  152  8:38  Zergling x4  
  152  8:40  Zergling x2  
  156  8:42  Mutalisk  
  156  8:46  Overlord  
  158  8:49  Overlord  
  158  8:51  Mutalisk x2  
  158  8:53  Zergling x6  
  158  8:54  Zergling x2  
  166  8:59  Baneling x7  
  166  9:02  Zergling x2  
  167  9:03  Zergling x10  
  167  9:08  Drone x2  
  172  9:12  Zergling x2  
  172  9:13  Zergling x2  
  172  9:14  Zergling x4  
  172  9:16  Zergling x2  
  177  9:17  Zergling x2, Infestation Pit  
  177  9:18  Zergling x2  
  178  9:25  Zergling x2  
  178  9:26  Zergling x2, Mutalisk  
  178  9:27  Mutalisk  
  178  9:30  Mutalisk x2  
  186  9:34  Hatchery  
  166  9:39  Mutalisk  
  166  9:40  Mutalisk  
  166  9:44  Zergling x12  
  166  9:45  Roach  
  166  9:49  Baneling x5  
  166  9:50  Zergling x2  
  166  9:51  Queen x2  
  166  9:52  Zergling x2  
  172  9:53  Zergling x2, Zerg Flyer Armor Level 1  
  172  9:55  Zergling x2  
  172  9:58  Zergling x2  
  172  9:59  Zergling x2  
  176  10:02  Zergling x2  
  175  10:10  Zergling x4  
  175  10:11  Zergling x4  
  175  10:13  Zergling x4  
  177  10:19  Baneling x13  
  177  10:20  Baneling x10  
  177  10:21  Zergling x2  
  177  10:22  Zergling x4  
  177  10:23  Zergling x2, Hatchery  
  177  10:25  Zergling x2  
  180  10:29  Zergling x2  
  180  10:31  Zergling x2  
  180  10:32  Mutalisk  
  180  10:34  Mutalisk  
  166  10:38  Zergling x8, Mutalisk  
  166  10:41  Mutalisk  
  169  10:47  Mutalisk  
  153  10:53  Mutalisk  
  153  10:54  Zergling x2  
  135  11:00  Zergling x2  
  135  11:01  Zergling x2  
  135  11:02  Hive  
  135  11:03  Zergling x2  
  121  11:05  Zergling x2  
  121  11:06  Zergling x18  
  121  11:07  Baneling  
  121  11:08  Baneling x3  
  131  11:15  Mutalisk, Spore Crawler, Spine Crawler x2  
  131  11:16  Spine Crawler  
  131  11:18  Zergling x2  
  126  11:19  Queen  
  126  11:20  Mutalisk, Queen  
  126  11:23  Mutalisk  
  127  11:27  Baneling  
  127  11:28  Baneling  
  127  11:29  Zergling x18  
  127  11:32  Zergling x4  
  131  11:36  Roach x2  
  131  11:39  Zergling x2  
  136  11:41  Zergling x2, Roach, Baneling  
  136  11:42  Baneling  
  136  11:44  Zergling x4  
  143  11:47  Roach  
  143  11:49  Roach x2  
  143  11:52  Baneling x4  
  145  11:57  Zergling x2  
  132  12:02  Zergling x2  
  132  12:05  Zergling x2  
  132  12:07  Zergling x2, Roach  
  132  12:08  Roach x2  
  131  12:12  Ravager x2  
  131  12:13  Ravager x2  
  131  12:15  Zergling x2  
  138  12:16  Zergling x4  
Show
View Real Time Build Order
Export as new Build Order

soul Terran - Winner!

Build Orders: Reaper Expand, Hellion Banshee 

Get SALT Encoding   

  12  0:01  SCV  
  13  0:13  SCV  
  14  0:17  Supply Depot  
  14  0:25  SCV  
  15  0:38  SCV  
  15  0:40  Barracks  
  16  0:45  Refinery  
  16  0:50  SCV  
  17  1:03  SCV  
  18  1:15  SCV  
  19  1:28  Reaper  
  19  1:29  Orbital Command  
  20  1:40  Command Center  
  20  1:49  Supply Depot  
  20  1:55  SCV  
  20  2:00  Marine  
  22  2:07  SCV  
  23  2:09  Factory  
  23  2:19  SCV  
  24  2:23  Barracks Reactor  
  24  2:31  SCV  
  25  2:40  Command Center  
  24  2:45  SCV  
  25  2:53  Orbital Command  
  25  3:01  SCV  
  25  3:02  Hellion  
  25  3:04  Hellion  
  30  3:13  Starport  
  30  3:15  SCV  
  30  3:18  Barracks Tech Lab  
  31  3:20  Refinery  
  31  3:23  SCV  
  32  3:28  SCV  
  32  3:29  Hellion  
  32  3:33  Hellion  
  37  3:35  SCV  
  37  3:40  SCV  
  39  3:43  Barracks Tech Lab  
  39  3:48  SCV  
  40  3:52  SCV  
  40  3:54  Orbital Command  
  41  3:57  Banshee  
  41  4:00  SCV, Hellion  
  49  4:03  Hellion  
  49  4:04  SCV  
  49  4:05  Marine  
  51  4:10  Stimpack  
  51  4:12  SCV  
  51  4:15  Bunker  
  51  4:16  SCV  
  53  4:20  SCV, Bunker  
  54  4:24  SCV  
  54  4:26  Hellion  
  54  4:28  SCV  
  54  4:29  Marine  
  59  4:32  SCV  
  59  4:34  Bunker  
  59  4:37  Supply Depot  
  61  4:58  SCV x3, Factory Reactor  
  64  5:03  Barracks  
  64  5:04  Supply Depot  
  64  5:05  Barracks  
  64  5:10  SCV x2  
  64  5:12  Engineering Bay x2  
  63  5:16  SCV  
  64  5:22  SCV, Marine  
  64  5:23  SCV  
  64  5:26  Starport Reactor  
  64  5:28  SCV  
  66  5:34  Refinery  
  66  5:35  SCV x2  
  58  5:36  Refinery  
  58  5:38  Barracks x2  
  58  5:40  Terran Infantry Weapons Level 1, Marine, Terran Infantry Armor Level 1  
  59  5:43  Supply Depot  
  59  5:44  Siege Tank  
  59  5:48  Supply Depot  
  59  5:49  SCV  
  63  5:50  Combat Shield, Supply Depot  
  63  5:54  Marine x2  
  63  5:56  SCV  
  66  5:58  Marine  
  66  6:00  Orbital Command  
  66  6:01  Marine  
  66  6:02  Marine  
  69  6:04  Medivac  
  69  6:06  SCV  
  69  6:08  SCV  
  73  6:11  Marine  
  73  6:12  Marine  
  73  6:13  Supply Depot  
  73  6:14  Medivac  
  73  6:16  Marine  
  78  6:19  SCV, Marine x2  
  78  6:20  SCV  
  78  6:25  Supply Depot x2  
  82  6:26  Barracks Reactor  
  82  6:29  SCV, Marine x2  
  86  6:33  SCV  
  86  6:34  Medivac, Marine  
  86  6:36  SCV  
  86  6:37  Marine  
  86  6:38  Marine  
  86  6:39  Barracks Reactor  
  92  6:41  SCV  
  92  6:44  Medivac  
  92  6:45  SCV  
  96  6:47  Marine  
  96  6:48  SCV  
  96  6:49  Supply Depot x2  
  96  6:50  Supply Depot  
  96  6:51  Marine x2  
  96  6:53  SCV  
  101  6:56  Missile Turret, Marine x2  
  101  6:57  SCV  
  101  7:00  SCV, Siege Tank  
  108  7:03  Marine  
  108  7:05  SCV, Marine x2  
  112  7:09  Marine x2  
  112  7:11  Armory  
  112  7:12  Refinery x2  
  112  7:14  Marine x2  
  116  7:16  Marine x2  
  116  7:21  Marine  
  119  7:22  Marine  
  119  7:23  Marine  
  119  7:26  Command Center  
  119  7:27  Marine x2  
  119  7:29  Factory  
  123  7:32  Siege Tank  
  123  7:34  Liberator  
  129  7:39  Marine  
  129  7:41  Marine  
  129  7:43  SCV  
  132  7:45  Supply Depot  
  132  7:47  Marine  
  131  7:58  Marine  
  131  7:59  Marine x5  
  131  8:01  Terran Infantry Armor Level 2, Terran Infantry Weapons Level 2  
  131  8:02  Supply Depot  
  131  8:03  Marine x2  
  131  8:04  Marine  
  140  8:10  SCV x2  
  140  8:11  Supply Depot  
  140  8:12  Missile Turret  
  142  8:15  Drilling Claws  
  142  8:16  Widow Mine, Marine x4  
  142  8:17  Factory Reactor  
  146  8:21  Medivac  
  146  8:25  Supply Depot  
  146  8:26  SCV  
  150  8:27  SCV  
  150  8:29  Marine x3  
  154  8:34  SCV  
  154  8:38  SCV, Marine x2  
  157  8:44  SCV  
  157  8:46  SCV  
  157  8:47  Missile Turret, Barracks  
  157  8:48  Barracks  
  159  8:49  Barracks  
  159  8:51  Marine  
  162  9:00  Medivac x2  
  162  9:01  Widow Mine x2, Thor  
  174  9:10  Missile Turret  
  174  9:15  SCV x3  
  172  9:22  Bunker, Widow Mine  
  172  9:23  Missile Turret  
  172  9:24  Missile Turret  
  169  9:27  SCV x2  
  169  9:28  SCV, Sensor Tower  
  169  9:29  Widow Mine  
  169  9:30  Medivac  
  170  9:39  SCV  
  170  9:43  Medivac  
  170  9:45  Widow Mine  
  171  9:52  Missile Turret, Sensor Tower, Barracks Tech Lab x3  
  171  9:54  SCV x3  
  171  9:56  Widow Mine  
  85  10:00  Medivac  
  177  10:10  Widow Mine  
  177  10:11  Widow Mine  
  165  10:18  Marauder x3, Widow Mine  
  171  10:21  Command Center  
  170  10:28  Marine  
  170  10:29  Marauder  
  170  10:32  Marine, Widow Mine  
  170  10:34  Medivac x2  
  170  10:35  Marine  
  162  10:38  Widow Mine  
  162  10:39  Marauder, Widow Mine  
  162  10:40  Marauder x2  
  171  10:48  Marine  
  171  10:49  Marine x6  
  144  10:50  Marauder  
  144  10:53  Marine  
  144  11:01  Marauder x3  
  142  11:04  Medivac  
  142  11:06  Marine x6  
  142  11:07  Marine  
  142  11:11  Widow Mine, Marine  
  154  11:12  Medivac, Marauder  
  154  11:22  Marine x3  
  154  11:24  Marine x3  
  154  11:25  Marine x4  
  152  11:29  Marine  
  149  11:33  Marauder  
  149  11:34  Medivac  
  149  11:35  Widow Mine  
  155  11:43  Medivac  
  165  11:47  Widow Mine  
  165  11:49  Thor  
  165  11:50  Marauder, Marine  
  165  11:52  Marine x3  
  163  11:56  Widow Mine  
  163  12:00  Missile Turret  
  157  12:03  SCV x3  
  157  12:06  Marine x2  
  156  12:08  Widow Mine  
  156  12:15  SCV x2  
  158  12:16  Marine  
  158  12:19  SCV  
Tags
 
Add a new tag
Caveats
  • Supply blocks, unpowered buildings, or Contaminate may cause inaccurate times.
  • Supply counts are checked every 10 seconds.